 Dungeon Crawl Stone Soup version 0.25-a0-589-g1e14c549ee (webtiles) character file.

Game seed: 16429405792181536934, levelgen mode: deterministic

247 Conn the Sneak (level 6, -1/37 HPs)
             Began as an Octopode Wizard on Mar 9, 2020.
             Slain by a worker ant (7 damage)
             ... on level 4 of the Dungeon.
             The game lasted 00:16:16 (4143 turns).

Conn the Sneak (Octopode Wizard)                    Turns: 4143, Time: 00:16:17

Health: -1/37      AC:  1    Str:  8    XL:     6   Next: 11%
Magic:  3/11       EV: 13    Int: 20    God:
Gold:   178        SH:  0    Dex: 11    Spells: 4/12 levels left

rFire    . . .     SeeInvis .   g - +1 mace
rCold    . . .     Gourm    .   (no shield)
rNeg     . . .     Faith    .   a - +0 hat
rPois    .         Spirit   .   (no amulet)
rElec    .         Reflect  .   (no ring)
rCorr    .         Harm     .   (no ring)
MR       .....                  (no ring)
Stlth    +++.......             (no ring)
HPRegen  0.12/turn              (no ring)
MPRegen  0.12/turn              (no ring)
                                (no ring)
                                (no ring)

@: very slightly contaminated
A: almost no armour, stealthy swim, amphibious, 8 rings, constrict 8, camouflage
1, gelatinous body 1
a: no special abilities


You were on level 4 of the Dungeon.
You were hungry.

You visited 2 branches of the dungeon, and saw 5 of its levels.

You collected 178 gold pieces.

Inventory:

Hand Weapons
 d - a +0 hunting sling
 g - a +1 mace (weapon)
Missiles
 i - 3 silver javelins (quivered)
 k - a throwing net
Armour
 a - a +0 hat (worn)
Scrolls
 h - a scroll of blinking
 l - 3 scrolls of identify
 m - 3 scrolls of immolation
 n - 3 scrolls of remove curse
 o - a scroll of fog
 q - 2 scrolls of teleportation
Potions
 e - a potion of berserk rage {unknown}
 j - a potion of stabbing {unknown}
 r - a potion of heal wounds {unknown}
Comestibles
 c - 7 rations


   Skills:
 + Level 0.8 Fighting
 + Level 2.2 Maces & Flails
 * Level 1.9 Throwing
 + Level 2.6 Dodging
 + Level 3.6 Stealth
 + Level 3.6 Spellcasting
 * Level 2.6 Conjurations
 + Level 1.6 Summonings
 + Level 1.1 Translocations


You had 4 spell levels left.
You knew the following spells:

 Your Spells              Type           Power        Failure   Level  Hunger
a - Magic Dart            Conj           ##..         4%          1    None
b - Blink                 Tloc           N/A          13%         2    ##.....
c - Call Imp              Summ           ##......     11%         2    ##.....
d - Conjure Flame         Conj/Fire      #.......     24%         3    ###....

Your spell library contained the following spells:

 Spells                   Type           Power        Failure   Level  Hunger
 Summon Small Mammal      Summ           ##..         7%          1    None
 Slow                     Hex            #.......     21%         2    ##.....
 Call Canine Familiar     Summ           ##......     21%         3    ###....
 Mephitic Cloud           Conj/Pois/Air  #.......     28%         3    ###....
 Summon Guardian Golem    Hex/Summ       #.......     28%         3    ###....
 Summon Ice Beast         Ice/Summ       #.......     67%         4    ####...
 Summon Lightning Spire   Summ/Air       #.......     67%         4    ####...


Dungeon Overview and Level Annotations

Branches:
Dungeon (4/15)             Temple (1/1) D:4

Altars:
Ashenzari
Cheibriados
Dithmenos
Elyvilon
Fedhas
Gozag
Hepliaklqana
Makhleb
Nemelex Xobeh
Okawaru
Ru
Trog
Vehumet
Wu Jian
Xom
Yredelemnul
Zin
The Shining One

Annotations:
D:4 Grinder


Innate Abilities, Weirdness & Mutations

You cannot wear most types of armour.
You are very stealthy in the water. (Stealth+)
You are amphibious.
You can wear up to eight rings at the same time.
You can use your tentacles to constrict eight enemies at once.
Your skin changes colour to match your surroundings (Stealth+).
Your rubbery body absorbs attacks. (AC +1, EV +1)


Message History

The worker ant bites your crimson imp.
Your crimson imp is poisoned.
The worker ant poisons your crimson imp!
Your crimson imp dies!
Your shadow imp barely misses the worker ant.
You see here a scroll of identify.
You hit the worker ant. Your grab misses the worker ant.
The worker ant is moderately wounded.
The worker ant bites you.
Your shadow imp completely misses the worker ant.
The worker ant barely misses you.
You hit the worker ant but do no damage.
You grab the worker ant.
The worker ant is moderately wounded.
You constrict the worker ant. Grinder gestures at you.
Pain shoots through your body!
* * * LOW HITPOINT WARNING * * *
Your shadow imp hits the worker ant.
The worker ant bites you!
You die...

.§§§§##
§§§§§.#
§.§§§.#
§§§§###
##### ####
# ###..##
##.....##
##.......#
#....@a5.#
##.......#
#.......#
##......#
#...5..#
##....##
#.<.## #
#.### ####
##.#


You could see Grinder, a worker ant and a friendly shadow imp.

Vanquished Creatures
  A phantom (D:2)
  A hound (D:4)
  An adder (D:3)
  A gnoll (D:2)
  An ooze (D:1)
  A worm (D:3)
  A dart slug (D:1)
  2 leopard geckos
  An orc (D:4)
  A ball python (D:3)
  5 bats
  4 giant cockroaches
  4 goblins
  6 hobgoblins
  4 jackals
  A quokka (D:3)
  5 frilled lizards
  4 kobolds
  A quokka skeleton (D:4)
  7 rats
52 creatures vanquished.

Vanquished Creatures (collateral kills)
  A scorpion (D:4)
  Terence (D:3)
  3 gnolls
  An adder (D:2)
  2 jackals (D:3)
  A rat (D:3)
9 creatures vanquished.

Grand Total: 61 creatures vanquished

Notes
Turn   | Place    | Note
-------+----------+-------------------------------------------
     0 | D:1      | Conn the Octopode Wizard began the quest for the Orb.
     0 | D:1      | Reached XP level 1. HP: 11/11 MP: 4/4
   212 | D:1      | Reached XP level 2. HP: 6/17 MP: 4/6
   451 | D:1      | Reached skill level 1 in Maces & Flails
   803 | D:1      | Reached XP level 3. HP: 13/21 MP: 7/7
   957 | D:1      | Learned a level 2 spell: Blink
   960 | D:1      | Learned a level 2 spell: Call Imp
   964 | D:1      | Learned a level 3 spell: Conjure Flame
  1260 | D:2      | Noticed a phantom
  1289 | D:2      | Found a sparkling altar of Nemelex Xobeh.
  1299 | D:2      | Killed a phantom
  1299 | D:2      | Reached skill level 1 in Throwing
  1299 | D:2      | Reached XP level 4. HP: 9/27 MP: 0/9
  1832 | D:2      | Reached XP level 5. HP: 20/32 MP: 7/10
  1977 | D:3      | Found a blossoming altar of Fedhas.
  1977 | D:3      | Noticed Terence
  2768 | D:3      | Killed Terence
  3223 | D:4      | Found a staircase to the Ecumenical Temple.
  3407 | Temple   | Entered the Ecumenical Temple
  3686 | D:4      | Reached XP level 6. HP: 17/37 MP: 2/11
  3946 | D:4      | Found a basalt altar of Yredelemnul.
  4125 | D:4      | Noticed Grinder
  4143 | D:4      | Slain by a worker ant

Levels and vault maps discovered:
D:1:      wheals_arrival_shading, layout_rooms, minmay_quantized
D:2:      layout_basic, nemelex_xobeh_ov_fountains_minmay
D:3:      layout_basic, fedhas_altar_2, uniq_terence
D:4:      layout_cave_pods, overflow_temple_1_default,
          minmay_temple_entry_trees, serial_park, serial_park_avenue1,
          first_ration, uniq_grinder
Temple:   compressed_dpeg_circular_temple

Skill      XL: |  1  2  3  4 |
---------------+-------------+-----
Maces & Flails | 1 2 |  2.2
Throwing       | 1 |  1.9
Stealth        | 3 |  3.6
Conjurations   | 2 |  2.6
Fighting       | |  0.8
Dodging        | |  2.6
Spellcasting   | |  3.6
Summonings     | |  1.6
Translocations | |  1.1

Action                   |  1- 3 |  4- 6 || total
-------------------------+-------+-------++-------
Melee: Mace              |    48 |    66 ||   114
       Constrict         |     6 |    16 ||    22
       Tentacles         |     5 |     5 ||    10
Throw: Javelin           |     3 |     3 ||     6
 Cast: Magic Dart        |    21 |    42 ||    63
       Call Imp          |     4 |    12 ||    16
       Blink             |       |     6 ||     6
       Conjure Flame     |       |     2 ||     2
  Use: Scroll            |       |    10 ||    10
       Potion            |       |     1 ||     1
 Stab: Sleeping          |     3 |     6 ||     9
  Eat: Chunk             |     1 |     6 ||     7
       Ration            |       |     1 ||     1
Armor: Skin              |     7 |     2 ||     9
Dodge: Dodged            |    52 |    62 ||   114

Table legend:
 A = Non-vault XP
 B = Vault XP
 C = Vault XP percentage of total XP
 D = Non-vault monster count
 E = Vault monster count
 F = Vault count percentage of total count
                 A         B        C        D         E       F
            +---------+---------+-------+---------+---------+-------
      Total |     333 |      21 |   5.9 |      57 |       4 |   6.6
            +---------+---------+-------+---------+---------+-------
        D:1 |      31 |       3 |   8.8 |      14 |       3 |  17.6
        D:2 |     158 |       0 |   0.0 |      20 |       0 |   0.0
        D:3 |      45 |      18 |  28.6 |      16 |       1 |   5.9
        D:4 |      99 |       0 |   0.0 |       7 |       0 |   0.0
            +---------+---------+-------+---------+---------+-------
